 Dungeon Crawl Stone Soup version 0.24-a0-520-g8fd06ad (webtiles) character file.

Game seed: 9461108060565829917

189 robbits the Slasher (level 5, -8/42 HPs)
             Began as a Demonspawn Chaos Knight on July 26, 2019.
             Was a Plaything of Xom.
             Killed by divine providence
             ... invoked by an orc priest
              (10 damage)
             ... on level 4 of the Dungeon.
             The game lasted 00:02:38 (2879 turns).

robbits the Slasher (Demonspawn Chaos Knight)       Turns: 2879, Time: 00:02:39

Health: -8/42      AC: 12    Str: 18    XL:     5   Next: 40%
Magic:  5/5        EV: 12    Int: 14    God:    Xom [*.....]
Gold:   229        SH:  0    Dex: 12    Spells: 4/4 levels left

rFire    . . .     SeeInvis .   a - +1 falchion (chaos)
rCold    . . .     Gourm    .   (no shield)
rNeg     . . .     Faith    .   b - +3 leather armour
rPois    .         Spirit   .   (no helmet)
rElec    .         Reflect  .   (no cloak)
rCorr    .         Harm     .   (no gloves)
MR       .....                  (no boots)
Stlth    +.........             k - amulet of magic regeneration
HPRegen  0.14/turn              (no ring)
MPRegen  0.34/turn              (no ring)

@: mighty, sanguine armour
A: hooves 1, powered by pain 1, sanguine armour 1
a: Renounce Religion


You were on level 4 of the Dungeon.
You worshipped Xom.
You were a special plaything of Xom.
You were hungry.

You visited 1 branch of the dungeon, and saw 4 of its levels.

You collected 229 gold pieces.

Inventory:

Hand Weapons
 a - a +1 falchion of chaos (weapon)
 q - a +2 dagger of speed
Armour
 b - a +3 leather armour (worn)
Jewellery
 k - an amulet of magic regeneration (around neck)
Scrolls
 d - a scroll of teleportation
 e - 2 scrolls of remove curse
 j - 3 scrolls of enchant armour
Potions
 f - 2 potions of mutation
 g - a potion of curing {unknown}
 h - a potion of might {unknown}
 i - a potion of heal wounds {unknown}
 l - a potion of lignification {unknown}
 m - a potion of resistance {unknown}
 p - a potion of ambrosia {unknown}
 r - a potion of haste {unknown}
Comestibles
 c - 4 rations


   Skills:
 + Level 3.8 Fighting
 * Level 4.1 Long Blades
 + Level 2.7 Armour
 + Level 2.2 Dodging


You had 4 spell levels left.
You didn't know any spells.
Your spell library was empty.

Dungeon Overview and Level Annotations

Branches:
Dungeon (4/15)
 Temple: D:4-7

Altars:
Ashenzari
Qazlal
Ru
Yredelemnul
The Shining One


Innate Abilities, Weirdness & Mutations

You have large cloven feet.
You sometimes gain a little power by taking damage.
When seriously injured, your bleeding wounds create armour. (AC +6)


Message History

You hit the orc priest. You freeze the orc priest.
Your kick misses the orc priest.
The orc priest is almost dead.
The orc hits you with a +0 whip. Something hits you but does no damage.
The orc priest mumbles some strange prayers to Beogh against you.
Beogh smites you!
* * * LOW HITPOINT WARNING * * *
You focus on the pain.
You feel very mighty all of a sudden. The orc hits you but does no damage.
Okay, then.
You closely miss the orc priest. Your kick misses the orc priest.
The orc priest is almost dead.
An adder comes into view.
The centaur misses you. Something hits you.
* * * LOW HITPOINT WARNING * * *
The orc priest invokes the aid of Beogh against you.
Beogh smites you!
You die...
Xom guffaws!

#...# ... #...# ..... ...
... ###.# .... ... .S #.#
... ..... #.### #.# #.#>##
## #...###.#####.#..#...
####....<...#...o....#
#..........>...{o..## ##..#
#..............@o..#. .#..#
#........#......c..#.
.#..##
#####.####.........#†#.#...
#(# ##.........##.##.# #.#
#.............†..# # #.#
#.#......†.......#.# #.#
#.##.........##....# #.#
#.##..............## #.#
#.##.........>#........


You could see a centaur, an orc priest, an adder and 2 orcs.

Vanquished Creatures
  A hound (D:4)
  An orc wizard (D:3)
  A worker ant (D:4)
  2 adders
  An ooze (D:3)
  2 worms (D:2)
  2 dart slugs (D:1)
  2 leopard geckos
  10 orcs
  5 giant cockroaches
  4 goblins
  7 hobgoblins
  2 jackals (D:1)
  11 bats
  A frilled lizard (D:4)
  4 kobolds (D:1)
  2 quokka skeletons (D:4)
  8 rats
66 creatures vanquished.

Notes
Turn   | Place    | Note
-------+----------+-------------------------------------------
     0 | D:1      | robbits the Demonspawn Chaos Knight began the quest for the
                  | Orb.
     0 | D:1      | Reached XP level 1. HP: 18/18 MP: 1/1
    31 | D:1      | Reached skill level 1 in Dodging
   102 | D:1      | Gained mutation: You sometimes gain a little power by
                  | taking damage. [demonic ancestry]
   102 | D:1      | Reached XP level 2. HP: 21/24 MP: 2/2
   119 | D:1      | Reached skill level 3 in Long Blades
   125 | D:1      | XOM: harmless Fire miscast
   197 | D:1      | XOM: divination: detect items
   433 | D:1      | XOM: summons 1 hostile demon
   476 | D:1      | XOM: 10-stop teleportation journey
   538 | D:1      | Gained mutation: When seriously injured, your bleeding
                  | wounds create armour. (AC +6) [demonic ancestry]
   538 | D:1      | Reached XP level 3. HP: 29/29 MP: 3/3
   817 | D:2      | XOM: noise
  1377 | D:2      | XOM: harmless Air miscast
  1569 | D:2      | XOM: noise
  1747 | D:2      | XOM: mild Chrm miscast
  2262 | D:3      | Reached XP level 4. HP: 26/35 MP: 4/4
  2572 | D:3      | Found a glowing golden altar of the Shining One.
  2572 | D:3      | Found a basalt altar of Yredelemnul.
  2621 | D:3      | Found a sacrificial altar of Ru.
  2621 | D:3      | Found a shattered altar of Ashenzari.
  2669 | D:3      | Noticed a profane servitor
  2677 | D:3      | Noticed an angel
  2721 | D:3      | Noticed a fire elemental
  2727 | D:3      | Found a stormy altar of Qazlal.
  2729 | D:3      | Noticed an air elemental
  2730 | D:3      | Noticed an earth elemental
  2730 | D:3      | Noticed a water elemental
  2752 | D:4      | XOM: smoke on damage
  2754 | D:4      | Gained mutation: You have large cloven feet. [demonic
                  | ancestry]
  2754 | D:4      | Reached XP level 5. HP: 40/42 MP: 5/5
  2767 | D:4      | Reached skill level 4 in Long Blades
  2799 | D:4      | XOM: summons 5 friendly demons
  2824 | D:4      | XOM: harmless Erth miscast
  2874 | D:4      | Noticed a centaur
  2877 | D:4      | XOM: enchant monster (bad)
  2879 | D:4      | HP: 2/42 [something (1)]
  2879 | D:4      | Killed from afar by an orc priest

Levels and vault maps discovered:
D:1:      dpeg_arrival_rooms_with_view, layout_basic
D:2:      minmay_chambers_of_ones, layout_loops_cross,
          chequers_serial_rivers_marsh
D:3:      layout_basic, grunt_temple_overflow_holy_war,
          amethyst_overflow_temple_binary, nicolae_qazlal_style_of_elements
D:4:      layout_rooms, minmay_distorted

Skill      XL: |  1  2  3  4  5 |
---------------+----------------+-----
Dodging        | 1 2 |  2.2
Long Blades    | 3 4 |  4.1
Armour         | 2 |  2.7
Fighting       | |  3.8

Action                   |  1- 3 |  4- 6 || total
-------------------------+-------+-------++-------
Melee: Falchion          |   127 |    82 ||   209
       Kick              |       |     4 ||     4
  Use: Scroll            |       |    10 ||    10
 Stab: Paralysed         |     1 |     1 ||     2
       Confused          |     2 |       ||     2
       Distracted        |       |     1 ||     1
  Eat: Chunk             |     4 |     2 ||     6
Armor: Leather armour    |    67 |    27 ||    94
Dodge: Dodged            |    95 |    41 ||   136
       Rpst.: Falchion   |    21 |     9 ||    30

Table legend:
 A = Non-vault XP
 B = Vault XP
 C = Vault XP percentage of total XP
 D = Non-vault monster count
 E = Vault monster count
 F = Vault count percentage of total count
                 A         B        C        D         E       F
            +---------+---------+-------+---------+---------+-------
      Total |     243 |      27 |  10.0 |      58 |       8 |  12.1
            +---------+---------+-------+---------+---------+-------
        D:1 |      44 |       4 |   8.3 |      24 |       2 |   7.7
        D:2 |      15 |      22 |  59.5 |       7 |       5 |  41.7
        D:3 |      96 |       0 |   0.0 |      19 |       0 |   0.0
        D:4 |      88 |       1 |   1.1 |       8 |       1 |  11.1
            +---------+---------+-------+---------+---------+-------
